 Dungeon Crawl Stone Soup version 0.32-a0-616-g9348d4545b (webtiles) character file.

Game seed: 12176483562997258666

6025 zeez the Spear-Bearer (level 10, -6/8 HPs)
             Began as a Merfolk Berserker on Feb 14, 2024.
             Was a High Priest of Trog.
             Mangled by a yak (13 damage)
             ... on level 9 of the Dungeon on Mar 5, 2024.
             The game lasted 00:39:17 (11294 turns).

zeez the Spear-Bearer (Merfolk Berserker)          Turns: 11294, Time: 00:39:18

Health: -6/8       AC:  3    Str: 22    XL:     10   Next: 86%
Magic:  10/10      EV: 12    Int:  9    God:    Trog [*****.]
Gold:   514        SH: 14    Dex: 14    Spells: 9/9 levels left

rFire   x . .        q - +6 spear (venom)
rCold   + . .        d - +0 tower shield
rNeg    . . .        w - melded +9 chain mail of Faojam {rC+ Str+3}
rPois   .            x - +0 helmet {Int+3}
rElec   .            (no cloak)
rCorr   .            (no gloves)
SInv    +            C - +1 pair of boots
Will    .....        h - amulet of faith
Stlth   +++          f - ring of ice
HPRegen 0.21/turn    g - ring of see invisible
MPRegen 0.12/turn

%: faith
@: lethally poisoned (-6 -> -10), maw-form
A: devouring maw, reduced hp, (nimble swimmer 2), mertail
a: Begin Untransformation, Renounce Religion, Berserk, Trog's Hand, Brothers in
Arms


You were on level 9 of the Dungeon.
You worshipped Trog.
Trog was extremely pleased with you.
You were a creature with a mouth for a stomach.
You visited 1 branch of the dungeon, and saw 9 of its levels.

You collected 542 gold pieces.
You spent 28 gold pieces at shops.

Inventory:

Hand Weapons
 a - a +1 spear
 n - a +1 spectral club
 q - a +6 spear of venom (weapon)
 A - a +1 trident
Missiles
 o - 83 stones (quivered)
Armour
 b - a +0 animal skin
 c - a +0 leather armour of cold resistance
 d - a +0 tower shield (worn)
 v - a +1 leather armour of willpower
 w - the +9 chain mail of Faojam (melded) {rC+ Str+3}
   (You found it on level 5 of the Dungeon)

   Str+3:     It affects your strength (+3).
   rC+:       It protects you from cold.
 x - a +0 helmet of intelligence (worn)
 C - a +1 pair of boots (worn)
Jewellery
 f - a ring of ice (left hand)
 g - a ring of see invisible (right hand)
 h - an amulet of faith (around neck)
 j - a ring of ice
 t - a ring of protection from cold
 F - a ring of resist corrosion
Talismans
 r - a maw talisman (active)
Scrolls
 i - 3 scrolls of revelation
 p - 4 scrolls of identify
 s - a scroll of noise
 u - a scroll of poison
 y - a scroll of acquirement
 E - a scroll of immolation
 G - a scroll of enchant armour
Potions
 e - 2 potions of curing
 k - 3 potions of magic
 B - a potion of resistance
 D - a potion of lignification


   Skills:
 + Level 7.7 Fighting
 + Level 12.1 Polearms
 + Level 0.2 Throwing
 + Level 4.9 Armour
 + Level 7.1 Dodging
 + Level 5.3 Stealth
 + Level 7.0 Shields


You had 9 spell levels left.
You didn't know any spells.
Your spell library was empty.

Dungeon Overview and Level Annotations

Branches:
Dungeon (9/15)             Temple (0/1) D:7            Lair (0/5) D:9
    Orc: D:9-12

Altars:
Ashenzari
Makhleb
Ru

Shops:
D:2 ((*[


Innate Abilities, Weirdness & Mutations

You are a creature with a mouth for a stomach.
Your midsection houses a second, enormous mouth.
Your maximum health is decreased, since you lack skill for your form.
((You are very nimble when in or above water. (Stealth+, EV+, Speed+++)))
Your lower body shifts to a powerful aquatic tail in water.


Message History

A yak is nearby!
A yak is nearby!
The kobold brigand shouts!
The kobold shouts!
The yak bellows! x2
You hear a shout!
You hear a howl!
The kobold brigand throws a poisoned dart.
The poisoned dart hits you!
You are poisoned.
You throw a stone. The stone hits the yak.
The yak is lightly wounded.
You feel very sick.
The kobold throws a poisoned dart.
You block the poisoned dart.
You throw a stone.
The stone hits the yak but does no damage.
You feel sick.
The kobold brigand throws a poisoned dart.
You block the poisoned dart.
You throw a stone.
The stone hits the yak but does no damage.
You feel sick.
The kobold brigand throws a poisoned dart.
The poisoned dart hits you!
You are more poisoned.
You don't know any spells.
There are monsters nearby!
You feel sick.
The yak snorts and paws the ground.
The yak closely misses you.
You begin transforming.
You continue transforming.
You feel sick. You block the yak's attack. x2
You continue transforming.
You feel sick. The yak misses you. You block the yak's attack.
You continue transforming.
You feel sick. You block the yak's attack. The yak gores you.
You turn into a creature with a mouth for a stomach.
The +9 chain mail of Faojam {rC+ Str+3} melds into your body.
You hit the yak.
The yak is poisoned.
The yak is lightly wounded.
You feel sick. The yak gores you!
Ouch! That really hurt!
You die...

~~.≈≈~....†~≈~~~~~......#
..~~~..~...≈≈≈~.........#
~.~≈≈~~.~≈~≈≈≈~≈~~......#
..~~~≈≈≈≈≈~~≈~≈~~......##
..~..~≈~≈≈~..~~.....#...#
~.~..~..~...........#...# #..
........~...........###.# #..
.##...............#####.....#....
.#........##.###W###.#....#......
..........###..#YYK......##......
#........ ......YK...............
........ ..............#........
...### ..............#........
..## .......).÷...##........ ...#
.......).)(..##........ ...#
.........)...##........ ...#
....(..K......#........


You could see 3 yaks, a kobold brigand and a kobold.

Vanquished Creatures
  3 red devils (D:9)
  2 trolls (D:9)
  Grinder (D:3)
  3 yaks (D:9)
  The ghost of zewo the Chopper, an amateur MDFi (D:3)
  Menkaure (D:5)
  A water moccasin (D:8)
  3 black bears
  An ice beast (D:6)
  An orc warrior (D:9)
  A sky beast (D:7)
  2 wolves (D:9)
  An ogre (D:5)
  2 centaurs (D:8)
  2 phantoms
  4 kobold brigands
  A gnoll sergeant (D:9)
  7 bullfrogs
  5 scorpions
  5 wights (D:7)
  4 killer bees (D:8)
  4 electric eels (D:9)
  2 howler monkeys (D:7)
  2 bombardier beetles
  A jelly (D:6)
  5 orc priests
  A gnoll bouda (D:8)
  8 hounds
  Jessica (D:2)
  Ijyb (D:4)
  Terence (D:2)
  An iguana (D:6)
  2 orc wizards
  Robin (D:4)
  9 gnolls
  11 adders
  A shadow imp (D:5)
  3 white imps
  6 ufetubi
  A dart slug (D:4)
  2 ribbon worms
  19 orcs
  8 ball pythons
  4 bats
  10 endoplasms
  A giant cockroach (D:1)
  6 hobgoblins
  A jackal (D:2)
  29 kobolds
  5 quokkas
  2 frilled lizards
  19 goblins
  3 rats
221 creatures vanquished.

Notes
Turn   | Place    | Note
-------+----------+-------------------------------------------
     0 | D:1      | zeez the Merfolk Berserker began the quest for the Orb.
     0 | D:1      | Reached XP level 1. HP: 18/18 MP: 1/1
   247 | D:1      | Reached XP level 2. HP: 24/24 MP: 2/2
   340 | D:1      | Reached XP level 3. HP: 27/29 MP: 3/3
   606 | D:1      | Reached skill level 5 in Polearms
   873 | D:2      | Found Cien's Antique Weapon Shop.
   886 | D:2      | Noticed Terence
   887 | D:2      | Upgraded the game from 0.32-a0-306-gfed3edf829 to
                  | 0.32-a0-329-ge6c31236d6
   902 | D:2      | Killed Terence
   903 | D:2      | Reached XP level 4. HP: 24/37 MP: 4/4
  1320 | D:2      | Noticed Jessica
  1330 | D:2      | Killed Jessica
  1331 | D:2      | Reached skill level 1 in Stealth
  1512 | D:2      | Reached XP level 5. HP: 36/42 MP: 5/5
  1531 | D:2      | Found Inkosey's Armour Emporium.
  1643 | D:2      | Reached ** piety under Trog
  1950 | D:2      | Reached skill level 6 in Polearms
  1956 | D:2      | Found Ving's General Store.
  1964 | D:2      | Found Nuiteluh's Weapon Boutique.
  2057 | D:2      | Found a burning altar of Makhleb.
  2397 | D:2      | Bought a scroll of identify for 28 gold pieces
  3418 | D:3      | Noticed Grinder
  3438 | D:3      | Killed Grinder
  3439 | D:3      | Reached skill level 7 in Polearms
  3439 | D:3      | Reached XP level 6. HP: 50/50 MP: 6/6
  3694 | D:3      | Found a runed translucent door.
  3698 | D:3      | Noticed zewo's ghost (amateur MDFi)
  4091 | D:3      | Killed zewo's ghost
  4092 | D:3      | Reached skill level 5 in Fighting
  4092 | D:3      | Reached XP level 7. HP: 56/56 MP: 7/7
  4689 | D:4      | Noticed Ijyb
  4701 | D:4      | Killed Ijyb
  4948 | D:4      | Found a broken altar of Ashenzari.
  4971 | D:4      | Upgraded the game from 0.32-a0-329-ge6c31236d6 to
                  | 0.32-a0-485-g70f7560b1c
  5103 | D:4      | Reached skill level 8 in Polearms
  5395 | D:4      | Noticed Robin
  5406 | D:4      | Killed Robin
  5763 | D:5      | Entered Level 5 of the Dungeon
  5767 | D:5      | Reached skill level 5 in Dodging
  5767 | D:5      | Reached skill level 1 in Shields
  5767 | D:5      | Reached XP level 8. HP: 64/64 MP: 8/8
  5812 | D:5      | Identified the +9 chain mail of Faojam {rC+ Str+3}
  5820 | D:5      | Reached *** piety under Trog
  5878 | D:5      | Noticed Menkaure
  5889 | D:5      | Killed Menkaure
  5901 | D:5      | Upgraded the game from 0.32-a0-485-g70f7560b1c to
                  | 0.32-a0-612-g1c984fe9d1
  6248 | D:5      | Reached skill level 9 in Polearms
  7509 | D:6      | Reached XP level 9. HP: 70/71 MP: 9/9
  7855 | D:6      | Reached skill level 5 in Stealth
  7932 | D:6      | Found a sacrificial altar of Ru.
  7939 | D:6      | Found a burning altar of Makhleb.
  8218 | D:7      | Reached skill level 10 in Polearms
  8291 | D:7      | Reached **** piety under Trog
  8400 | D:7      | Found a flagged portal.
  9044 | D:7      | Found a staircase to the Ecumenical Temple.
  9290 | D:8      | Reached skill level 5 in Shields
  9366 | D:8      | Identified the staff "Itetyts" {Will+ Str+3 Ice Earth
                  | Alchemy}
  9428 | D:8      | Reached XP level 10. HP: 79/79 MP: 10/10
  9756 | D:8      | Reached skill level 11 in Polearms
 10956 | D:9      | Upgraded the game from 0.32-a0-612-g1c984fe9d1 to
                  | 0.32-a0-616-g9348d4545b
 11100 | D:9      | Found a staircase to the Lair.
 11120 | D:9      | Reached skill level 12 in Polearms
 11171 | D:9      | Reached ***** piety under Trog
 11178 | D:9      | Identified a scroll of acquirement
 11294 | D:9      | Mangled by a yak

Illustrated notes

Levels and vault maps discovered:
D:1:      heliophobic_arrival_glass_houses, layout_basic
D:2:      layout_basic, serial_shops, shop, shop, shop,
          nicolae_shop_pleasant_corner_grove, basic_altar, minmay_ruptured,
          uniq_jessica, uniq_terence
D:3:      layout_basic, ebering_ghost_sewer_d, uniq_grinder
D:4:      layout_loops_ring, cheibrodos_ashenzari_chains, uniq_robin, uniq_ijyb
D:5:      layout_loops_corners, minmay_ogre_servants, uniq_menkaure
D:6:      layout_loops_ring, mainiacjoe_overflow_big_doors
D:7:      layout_cave_pods, temple_statues, enter_bailey_2,
          minmay_stone_trees_small
D:8:      layout_layer_cave
D:9:      layout_cave_pools, mainiacjoe_overflow_alcove_4, erik_lair_island,
          orc_0_dummy, einodemon_armed_red_devil_minivault

Skill      XL: |  1  2  3  4  5  6  7  8  9 10 |
---------------+-------------------------------+-----
Dodging        | 3 4 5 6 7 |  7.1
Polearms       | 5 7 8 9 10 12 | 12.1
Fighting       | 4 5 6 7 |  7.7
Stealth        | 1 2 3 4 5 |  5.3
Shields        | 1 3 5 7 |  7.0
Armour         | 2 3 4 |  4.9
Throwing       | |  0.2

Action                     |  1- 3 |  4- 6 |  7- 9 | 10-12 || total
---------------------------+-------+-------+-------+-------++-------
  Melee: Spear             |    70 |   176 |   393 |   186 ||   825
         Tailslap          |     1 |       |       |     2 ||     3
  Throw: Stone             |       |       |       |    19 ||    19
 Invoke: Berserk           |     1 |     4 |     5 |     1 ||    11
         Trog's Hand       |       |       |     5 |     3 ||     8
  Evoke: Wand              |       |       |       |     2 ||     2
    Use: Potion            |       |     7 |     1 |       ||     8
         Scroll            |       |     6 |     3 |     6 ||    15
   Stab: Sleeping          |     3 |     6 |     7 |       ||    16
 Armour: Animal skin       |    18 |    63 |    17 |       ||    98
         Leather armour    |       |       |    67 |       ||    67
         Chain mail        |       |       |    77 |   126 ||   203
         Skin              |       |       |       |     1 ||     1
  Dodge: Dodged            |    29 |    93 |    91 |    70 ||   283
  Block: Tower shield      |       |       |   183 |   169 ||   352
   Form: Maw               |       |       |       |     1 ||     1

Table legend: (Time is in decaauts)
 A = Elapsed time spent in this place.
 B = Non-inter-level travel time spent in this place.
 C = Inter-level travel time spent in this place.
 D = Time resting spent in this place.
 E = Time spent auto-exploring this place.
 F = Levels seen in this place.
 G = Mean time per level.
                   A        B        C        D        E       F      G
               +--------+--------+--------+--------+--------+-----+--------+
         Total |  11253 |  10334 |    919 |   2455 |   6445 |   9 | 1250.3 |
       Dungeon |  11253 |  10334 |    919 |   2455 |   6445 |   9 | 1250.3 |
               +--------+--------+--------+--------+--------+-----+--------+

Top non-repeatable levels by time:
     D:2: 2057 daAuts
     D:5: 1707 daAuts
     D:3: 1626 daAuts
     D:8: 1376 daAuts
     D:4: 1242 daAuts
     D:7: 1068 daAuts
     D:1: 835 daAuts
     D:6: 673 daAuts
     D:9: 665 daAuts
